 Dungeon Crawl Stone Soup version 0.28.0-45-g0d030f2227 (webtiles) character file.

Game seed: 12368321967285649950

2591 Bamboolord the Slasher (level 9, -5/68 (69) HPs)
             Began as a Formicid Abyssal Knight on Apr 7, 2022.
             Was a Believer of Lugonu.
             Killed from afar by an orc wizard (8 damage)
             ... with a magic dart
             ... on level 6 of the Dungeon.
             The game lasted 00:15:03 (9286 turns).

Bamboolord the Slasher (Formicid Abyssal Knight)    Turns: 9286, Time: 00:15:04

HP:   -5/68 (69)    AC: 12    Str: 22    XL:     9   Next: 89%
MP:   12/12         EV: 10    Int: 16    God:    Lugonu [**....]
Gold: 294           SH:  5    Dex: 11    Spells: 8/8 levels left

rFire   . . .      SeeInvis +   a - +1 falchion
rCold   . . .      Faith    .   n - +0 buckler
rNeg    + . .      Spirit   .   r - +0 scale mail
rPois   .          Reflect  .   (helmet unavailable)
rElec   .          Harm     .   h - +0 cloak
rCorr   .          Rampage  .   s - +1 pair of gloves
Will    .....                   q - +0 pair of boots
Stlth   ..........              (no amulet)
HPRegen 0.21/turn               v - +6 ring of intelligence
MPRegen 0.13/turn               b - ring of positive energy

@: lightly drained
A: permanent stasis, dig shafts and tunnels, antennae 3, four strong arms
a: Dig, Shaft Self, Renounce Religion, Depart the Abyss, Bend Space


You were on level 6 of the Dungeon.
You worshipped Lugonu.
Lugonu was pleased with you.
You visited 1 branch of the dungeon, and saw 6 of its levels.
You visited the Abyss 1 time.

You collected 294 gold pieces.

Inventory:

Hand Weapons
 a - a +1 falchion (weapon)
Armour
 h - a +0 cloak (worn)
 n - a +0 buckler (worn)
 q - a +0 pair of boots (worn)
 r - a +0 scale mail (worn)
 s - a +1 pair of gloves (worn)
Jewellery
 b - a ring of positive energy (right hand)
 m - a ring of wizardry
 v - a +6 ring of intelligence (left hand)
Wands
 i - a wand of iceblast (13)
Scrolls
 c - 2 scrolls of vulnerability {unknown}
 e - a scroll of magic mapping
 f - 2 scrolls of torment
 g - a scroll of fog {unknown}
 j - 2 scrolls of immolation
 k - a scroll of amnesia {unknown}
 p - a scroll of fear {unknown}
 t - 2 scrolls of summoning
Potions
 d - 3 potions of invisibility
 l - a potion of cancellation
 o - a potion of curing
 u - a potion of flight {unknown}


   Skills:
 * Level 6.3 Fighting
 * Level 7.8 Long Blades
 * Level 7.2 Armour
 + Level 2.0 Dodging
 + Level 1.5 Stealth
 * Level 5.0 Shields
 * Level 5.1 Invocations


You had 8 spell levels left.
You didn't know any spells.
Your spell library contained the following spells:

 Spells                   Type           Power      Damage    Failure   Level
 Manifold Assault         Tloc           0%         N/A       100%        5
 Dispersal                Tloc           0%         N/A       100%        6
 Storm Form               Tmut/Air       0%         N/A       100%        7
 Disjunction              Tloc           0%         N/A       100%        8
 Blink                    Tloc           Unusable   N/A       N/A         2

Dungeon Overview and Level Annotations

Branches:
Dungeon (6/15)
 Temple: D:4-7

Altars:
Gozag
Wu Jian
Yredelemnul

Shops:
D:2 *


Innate Abilities, Weirdness & Mutations

You cannot be hasted, slowed, berserked, paralysed or teleported.
You can dig through walls and to a lower floor.
You have a pair of large antennae on your head. (SInv)
Your four strong arms can wield two-handed weapons with a shield.


Message History

The orc warrior hits you with a +0 glaive!
You completely miss the orc warrior.
The orc warrior is moderately wounded.
The orc warrior hits you with a +0 glaive.
The orc wizard gestures at you while chanting.
You easily resist.
You hit the orc warrior but do no damage.
The orc warrior is moderately wounded.
The orc warrior hits you with a +0 glaive!
The orc wizard gestures wildly while chanting.
The orc wizard flickers and vanishes for a moment.
You closely miss the orc warrior.
The orc warrior is moderately wounded.
The orc warrior hits you with a +0 glaive!
The orc wizard hits you with a +2 dagger of draining.
You partially resist.
You feel drained.
The orc warrior hits you but does no damage.
You block the orc warrior's attack.
The orc wizard mumbles some strange words.
The orc wizard flickers and vanishes for a moment.
The orc closely misses you.
There is an open door, spattered with blood here.
Items here: (( )) [.
There is a stone staircase leading up, spattered with blood here.
Okay, then.
The orc throws a boomerang.
The boomerang closely misses the orc wizard.
The boomerang barely misses you.
The orc warrior hits you from afar with a +0 glaive!
* * * LOW HITPOINT WARNING * * *
The orc warrior hits you with a +0 glaive!
* * * LOW HITPOINT WARNING * * *
There is a stone staircase leading up, spattered with blood here.
The orc warrior barely misses you.
You see here 14 bolts.
The orc wizard gestures at you while chanting.
You easily resist.
The orc wizard gestures at you while chanting.
The magic dart hits you!
You die...

#.........###.#... #...####.####
#o#... #..# #.## #{#...
#########>.# #o####
###..........# #.####
#.######.##### #....# #..# ##.##
##(##.# ##.####...### ###...#..
#####.##.@.⌠o..###...⌠.+..
#........#..o[..o......#..
########........###.(.o<....###.#
................# ###.....### #.#
....####........# ##.⌠.## #.#
#...####........# ###.....### #.#
#..o.o.........###....<.(..###.#
#.$.#########..#.............#..
##.?# #..'.⌠...###...⌠....


You could see an orc warrior, 2 orc wizards and an orc.

Vanquished Creatures
  Pikel (D:5)
  4 yaks
  4 humans
  An ice beast (D:5)
  2 phantoms
  A centaur (D:6)
  A bullfrog (D:6)
  A water moccasin skeleton (D:5)
  2 centaur zombies
  3 orc priests
  Natasha (twice) (D:3 D:2)
  3 iguanas
  4 orc wizards
  2 adders
  A howler monkey zombie (D:6)
  2 worms
  3 dart slugs
  14 orcs
  12 endoplasms
  4 giant cockroaches
  6 goblins
  8 hobgoblins
  3 jackals (D:2)
  A quokka (D:4)
  7 ball pythons
  6 bats
  3 frilled lizards
  7 kobolds
  5 rats
113 creatures vanquished.

Notes
Turn   | Place    | Note
-------+----------+-------------------------------------------
     0 | Abyss:1  | Bamboolord the Formicid Abyssal Knight began the quest for
                  | the Orb.
     0 | Abyss:1  | Reached XP level 1. HP: 18/18 MP: 2/2
   118 | Abyss:1  | Noticed a wretched star
   123 | D:1      | Escaped the Abyss
   255 | D:1      | Reached XP level 2. HP: 24/24 MP: 3/3
   476 | D:1      | Reached * piety under Lugonu
   673 | D:1      | Reached XP level 3. HP: 26/30 MP: 4/4
   673 | D:1      | Found a faded altar of an unknown god.
  1257 | D:2      | Reached skill level 1 in Dodging
  1302 | D:2      | Found Cefep's Assorted Antiques.
  1718 | D:2      | Reached XP level 4. HP: 37/37 MP: 5/5
  2036 | D:3      | Found a basalt altar of Yredelemnul.
  2093 | D:3      | Reached ** piety under Lugonu
  2156 | D:3      | Reached skill level 1 in Shields
  2379 | D:3      | Noticed Natasha
  2385 | D:3      | Killed Natasha
  2386 | D:3      | Reached XP level 5. HP: 25/42 MP: 6/6
  2525 | D:3      | Noticed Natasha
  2787 | D:2      | Killed Natasha
  3346 | D:4      | Reached skill level 1 in Stealth
  3349 | D:4      | Reached XP level 6. HP: 18/49 MP: 8/8
  3976 | D:4      | Found an ornate altar of the Wu Jian Council.
  5003 | D:5      | Entered Level 5 of the Dungeon
  5020 | D:5      | Reached XP level 7. HP: 46/55 MP: 9/9
  5101 | D:5      | Noticed Pikel
  5170 | D:5      | Found an opulent altar of Gozag.
  5184 | D:5      | HP: 2/55 [Pikel/+0 whip of flaming (1)]
  5187 | D:5      | Killed Pikel
  5188 | D:5      | Reached skill level 5 in Fighting
  5188 | D:5      | Reached skill level 5 in Long Blades
  5188 | D:5      | Reached skill level 5 in Armour
  5188 | D:5      | Reached XP level 8. HP: 4/62 MP: 10/10
  6494 | D:6      | Noticed a human
  6514 | D:6      | Killed a human
  6637 | D:6      | Noticed a human
  6667 | D:6      | Killed a human
  6668 | D:6      | Reached XP level 9. HP: 30/68 MP: 12/12
  7675 | D:5      | Reached *** piety under Lugonu
  8357 | D:6      | Reached skill level 5 in Invocations
  8644 | D:5      | Reached skill level 5 in Shields
  9279 | D:6      | HP: 2/68 [orc warrior/+0 glaive (9)]
  9286 | D:6      | Killed from afar by an orc wizard

Illustrated notes

Levels and vault maps discovered:
D:1:      minmay_arrival_nine_rooms, layout_basic,
          ebering_ecumenical_altar_mist, st_stairs_1
D:2:      layout_basic, serial_shops, shop
D:3:      layout_rooms, mainiacjoe_overflow_paths, uniq_natasha
D:4:      layout_basic, mainiacjoe_overflow_concentric_impassable
D:5:      layout_loops_cross, nicolae_gozag_seed_capital, uniq_pikel
D:6:      layout_rooms, kennysheep_little_box, grunt_ministairs_13,
          minivault_22, minmay_ruffians, uniq_prince_ribbit1

Skill      XL: |  1  2  3  4  5  6  7  8  9 |
---------------+----------------------------+-----
Fighting       | 4 5 6 |  6.3
Dodging        | 1 2 |  2.0
Long Blades    | 3 4 5 6 7 |  7.8
Shields        | 1 2 3 5 |  5.0
Armour         | 3 5 6 7 |  7.2
Stealth        | 1 |  1.5
Invocations    | 3 4 5 |  5.1

Action                   |  1- 3 |  4- 6 |  7- 9 || total
-------------------------+-------+-------+-------++-------
Melee: Falchion          |    86 |   192 |   306 ||   584
Invok: Depart the Abyss  |     1 |       |       ||     1
       Bend Space        |       |       |     3 ||     3
       Banish            |       |       |     1 ||     1
 Abil: Dig               |     1 |       |       ||     1
  Use: Scroll            |     2 |     1 |     4 ||     7
       Potion            |       |     3 |       ||     3
 Stab: Sleeping          |     1 |       |       ||     1
       Invisible         |       |     4 |       ||     4
Armor: Leather armour    |    35 |    23 |       ||    58
       Scale mail        |       |    84 |    99 ||   183
Dodge: Dodged            |    67 |   115 |    93 ||   275
Block: Buckler           |       |    42 |    52 ||    94
